 Dungeon Crawl Stone Soup version 0.30.0-18-gc0e69614cb (webtiles) character file.

Game seed: 8585567318904994118

3486 jasper the Geomancer (level 9, -3/87 HPs)
             Began as an Armataur Earth Elementalist on May 25, 2023.
             Was an Initiate of Kikubaaqudgha.
             Slain by an orc warrior
             ... wielding a +0 glaive
              (29 damage)
             ... in a bailey.
             The game lasted 00:11:31 (7254 turns).

jasper the Geomancer (Armataur Earth Elementalist)  Turns: 7254, Time: 00:11:31

Health: -3/87      AC:  8    Str: 15    XL:     9   Next: 79%
Magic:  11/11      EV: 10    Int: 19    God:    Kikubaaqudgha [......]
Gold:   378        SH:  0    Dex: 16    Spells: 5/11 levels left

rFire   . . .        D - +1 broad axe (vamp)
rCold   . . .        (no shield)
rNeg    + . .        a - +0 robe
rPois   .            (no helmet)
rElec   .            A - +1 cloak
rCorr   .            l - +1 pair of gloves
SInv    .            (no barding)
Will    .....        B - amulet of magic regeneration
Stlth   ++           n - ring of positive energy
HPRegen 0.34/turn    z - +6 ring of dexterity
MPRegen 0.52/turn

%: roll
@: no status effects
A: large, rugged brown scales 3, deformed body, armoured tail, roll, long
tongue, awkward tongue
a: Renounce Religion


You were in a bailey.
You worshipped Kikubaaqudgha.
Kikubaaqudgha was noncommittal.
You visited 2 branches of the dungeon, and saw 8 of its levels.
You also visited: Bailey.

You collected 378 gold pieces.

Inventory:

Hand Weapons
 f - a +0 rapier of draining
 g - a +1 club
 D - a +1 vampiric broad axe (weapon)
Armour
 a - a +0 robe (worn)
 l - a +1 pair of gloves (worn)
 v - a +0 cloak
 A - a +1 cloak (worn)
 E - +0 acid dragon scales
Magical Staves
 C - a staff of fire
Jewellery
 n - a ring of positive energy (left hand)
 z - a +6 ring of dexterity (right hand)
 B - an amulet of magic regeneration (around neck)
Wands
 c - a wand of roots (4)
 q - a wand of flame (21)
 x - a wand of paralysis (9)
Scrolls
 p - a scroll of enchant weapon
 s - a scroll of fog
 t - a scroll of immolation
 u - 3 scrolls of teleportation
 w - 2 scrolls of enchant armour
 y - 3 scrolls of identify
 F - a scroll of blinking {unknown}
 G - a scroll of magic mapping
Potions
 b - a potion of berserk rage
 d - a potion of brilliance
 e - 3 potions of curing
 h - 4 potions of lignification
 i - a potion of heal wounds
 j - a potion of attraction {unknown}
 k - 5 potions of flight {unknown}
 m - a potion of invisibility {unknown}
 o - a potion of degeneration {unknown}
 r - a potion of mutation {unknown}


   Skills:
 + Level 8.4 Fighting
 - Level 1.3 Dodging
 - Level 2.1 Stealth
 - Level 1.7 Spellcasting
 - Level 0.8 Transmutations
 - Level 10.1 Earth Magic


You had 5 spell levels left.
You knew the following spells:

 Your Spells              Type           Power      Damage    Failure   Level
a - Sandblast             Erth           80%        2d17      1%          1
b - Passwall              Tmut/Erth      18%        N/A       2%          2
c - Stone Arrow           Conj/Erth      40%        3d9       6%          3

Your spell library contained the following spells:

 Spells                   Type           Power      Damage    Failure   Level
 Petrify                  Tmut/Erth      22%        N/A       19%         4
 Leda's Liquefaction      Hex/Erth       10%        N/A       22%         4
 Ensorcelled Hibernation  Hex/Ice        2%         N/A       26%         2
 Spider Form              Tmut/Pois      3%         N/A       41%         3
 Call Canine Familiar     Summ           1%         N/A       45%         3
 Portal Projectile        Hex/Tloc       2%         N/A       45%         3
 Anguish                  Hex/Necr       0%         N/A       86%         4


Dungeon Overview and Level Annotations

Branches:
Dungeon (7/15)             Temple (1/1) D:7          Bailey (1/1)

Altars:
Ashenzari
Cheibriados
Dithmenos
Elyvilon
Fedhas
Hepliaklqana
Kikubaaqudgha
Makhleb
Nemelex Xobeh
Okawaru
Qazlal
Ru
Sif Muna
Trog
Uskayaw
Wu Jian
Yredelemnul
Zin

Shops:
D:1 =(!?   D:7 *

Annotations:
D:5 2 transporters


Innate Abilities, Weirdness & Mutations

You are completely covered in rugged brown scales. (AC +3, +7% HP)
Armour fits poorly on your strangely shaped body.
You have a long armoured tail.
You roll when moving toward enemies. (Rampage)
Your long tongue fully drains potion bottles. (2x potion effects)
Your tongue gives you trouble enunciating. (1.5x scroll delay)


Message History

The orc warrior is heavily wounded.
The orc warrior hits you from afar with a +0 glaive!
You take 12 damage, and have 61/87 hp.
The blast of sand hits the orc warrior.
The orc warrior is severely wounded.
The orc warrior barely misses you.
The orc warrior hits you from afar with a +0 glaive!!
You take 17 damage, and have 44/87 hp.
You are too injured to fight recklessly!
Casting: Sandblast (safe; 1% risk of failure)
Confirm with . or Enter, or press ? or * to list all spells.
Aiming: Sandblast (safe; 1% risk of failure)
Press: ? - help, Shift-Dir - straight line, f/p - orc warrior
Aim: an orc warrior, wielding a +0 glaive and wearing a +0 scale mail (severely wounded, strong, 81% to hit)
The blast of sand misses the orc warrior.
The orc warrior hits you from afar with a +0 glaive!!
* * * LOW HITPOINT WARNING * * *
You take 19 damage, and have 25/87 hp.
MASSIVE DAMAGE!!
You now have 9/11 mp.
Aiming: Fastroot
Press: ? - help, Shift-Dir - straight line, f/p - orc warrior
Aim: an orc warrior, wielding a +0 glaive and wearing a +0 scale mail (severely wounded, strong)
The roots erupt in riotous growth!
Roots grab the orc warrior. x2
The grasping roots constrict the orc warrior. x2
The orc warrior closely misses you.
The orc warrior struggles to escape constriction.
You close the door, pushing everything out of the way.
You see here a +0 spear.
The roots lose their grip on something. x2
An orc warrior breaks down the door.
MP restored: 11
Aiming: Fastroot
Press: ? - help, Shift-Dir - straight line, f/p - orc warrior
Aim: an orc warrior, wielding a +0 glaive and wearing a +0 scale mail (severely wounded, strong)
The roots erupt in riotous growth!
Roots grab the orc warrior. x2
The grasping roots constrict the orc warrior. x2
The orc warrior hits you from afar with a +0 glaive!!
You die...
Kikubaaqudgha rasps: "You have failed me!
Welcome... death!"

########### ##.........##
##..~~~~~~~..##
##..~~.....~~..##
#########..~~..###..~~..####
..........~~..## ##..~~.....
.~~~~~~~~~~..##.∩.##..)~~~)~
.~.))......@##.....##....)).
.~.#########'###+## ########
o§§ o§≈≈≈ # ≈§oo... ##
...⌠∩⌠. #. ≈...⌠.. #.
≈≈..... #.## .$.#


You could see an orc knight and 3 orc warriors.

Vanquished Creatures
  Pikel (D:6)
  Maggie (D:7)
  A steam dragon (D:6)
  2 water moccasins
  A sky beast (D:5)
  3 black bears
  An ice beast (D:6)
  2 centaurs (D:6)
  4 ogres
  2 phantoms (D:5)
  2 kobold brigands
  Blork the orc (D:5)
  2 bullfrogs (D:7)
  A scorpion (D:5)
  5 wights (D:6)
  6 hounds
  3 orc priests
  A jelly (D:5)
  A sleepcap (D:7)
  4 iguanas
  Natasha (D:2)
  2 orc wizards
  4 gnolls (D:3)
  8 adders
  A shadow imp (D:6)
  A white imp (D:5)
  An ufetubus (D:6)
  A worm (D:3)
  2 dart slugs (D:1)
  25 orcs
  6 endoplasms
  4 giant cockroaches
  9 goblins
  5 hobgoblins
  3 quokkas
  2 ball pythons (D:1)
  4 bats
  2 frilled lizards
  15 kobolds
  4 rats
144 creatures vanquished.

Notes
Turn   | Place    | Note
-------+----------+-------------------------------------------
     0 | D:1      | jasper the Armataur Earth Elementalist began the quest for
                  | the Orb.
     0 | D:1      | Reached XP level 1. HP: 14/14 MP: 3/3
    26 | D:1      | Found Zaasos's Distillery.
   149 | D:1      | Found Fonanis's Magic Scroll Shop.
   191 | D:1      | Reached skill level 3 in Earth Magic
   345 | D:1      | Reached XP level 2. HP: 21/21 MP: 0/4
   493 | D:1      | Found Caoco's Jewellery Shoppe.
   616 | D:1      | Learned a level 2 spell: Passwall
   813 | D:1      | Found Yschuc's Weapon Shop.
  1355 | D:2      | Reached XP level 3. HP: 27/27 MP: 3/5
  1852 | D:2      | Noticed Natasha
  1865 | D:2      | Reached skill level 4 in Earth Magic
  1865 | D:2      | Killed Natasha
  1975 | D:2      | Reached XP level 4. HP: 35/35 MP: 3/6
  2289 | D:3      | Noticed a water moccasin
  2297 | D:3      | Killed a water moccasin
  2298 | D:3      | Reached skill level 5 in Earth Magic
  2298 | D:3      | Reached XP level 5. HP: 21/40 MP: 0/7
  2302 | D:3      | Learned a level 3 spell: Stone Arrow
  2817 | D:3      | Reached skill level 6 in Earth Magic
  3153 | D:4      | Reached XP level 6. HP: 48/48 MP: 3/8
  3376 | D:4      | You fall into a shaft and drop 1 floor!
  3376 | D:5      | Entered Level 5 of the Dungeon
  4135 | D:4      | Reached skill level 7 in Earth Magic
  4193 | D:5      | Noticed a sky beast
  4197 | D:5      | Killed a sky beast
  4198 | D:5      | Reached XP level 7. HP: 53/53 MP: 4/9
  4328 | D:5      | Reached skill level 8 in Earth Magic
  4586 | D:5      | Reached skill level 9 in Earth Magic
  4586 | D:5      | Reached XP level 8. HP: 31/60 MP: 0/10
  4699 | D:5      | Noticed Blork the orc
  4707 | D:5      | Killed Blork the orc
  4794 | D:5      | Found a transporter.
  5005 | D:5      | Found a transporter.
  5447 | D:6      | Reached skill level 10 in Earth Magic
  5528 | D:6      | Reached skill level 1 in Fighting
  5619 | D:6      | Found an ornate altar of the Wu Jian Council.
  5906 | D:6      | Reached XP level 9. HP: 65/77 MP: 8/11
  6016 | D:6      | Reached skill level 5 in Fighting
  6713 | D:7      | Noticed Pikel
  6720 | D:6      | Killed Pikel
  6743 | D:7      | Noticed Maggie
  6753 | D:7      | Killed Maggie
  6783 | D:7      | Found a staircase to the Ecumenical Temple.
  6794 | Temple   | Entered the Ecumenical Temple
  6798 | Temple   | Became a worshipper of Kikubaaqudgha
  7002 | D:7      | Found Dameawenk's Evil Emporium.
  7102 | D:7      | Found a flagged portal.
  7115 | Bailey   | Entered a bailey
  7245 | Bailey   | Noticed an orc knight
  7254 | Bailey   | Slain by an orc warrior

Illustrated notes

Levels and vault maps discovered:
D:1:      psy_arrival_radial01, layout_loops_cross, serial_shops, shop,
          nicolae_shop_rolling_square, shop, shop_fountains
D:2:      layout_loops_corners, uniq_natasha
D:3:      layout_basic
D:4:      layout_loops_corners
D:5:      gammafunk_cloud_chamber, layout_basic, uniq_blork_the_orc
D:6:      lemuel_ice_spiral_2, layout_basic, nzn_wu_jian_council_hall,
          kennysheep_generic_room_15
D:7:      layout_rooms, gammafunk_temple_overflow_elements,
          minmay_temple_entry_sparse_star, enter_bailey_3, st_stairs_14,
          nicolae_evil_shop, uniq_maggie, uniq_pikel
Temple:   sentei_temple_godly_chess
Bailey:   bailey_polearm_1, bailey

Skill      XL: |  1  2  3  4  5  6  7  8  9 |
---------------+----------------------------+-----
Earth Magic    | 3 4 5 6 7 9 10 | 10.1
Fighting       | 4 8 |  8.4
Dodging        | |  1.3
Stealth        | |  2.1
Spellcasting   | |  1.7
Transmutations | |  0.8

Action                     |  1- 3 |  4- 6 |  7- 9 || total
---------------------------+-------+-------+-------++-------
  Melee: Unarmed           |    17 |       |       ||    17
         Tailslap          |     3 |       |     5 ||     8
         Club              |     4 |       |       ||     4
         Rapier            |     9 |     5 |    12 ||    26
         Broad axe         |       |       |    19 ||    19
         Punch             |       |       |     1 ||     1
   Cast: Sandblast         |    42 |    61 |   156 ||   259
  Evoke: Wand              |       |       |     6 ||     6
    Use: Scroll            |     7 |     7 |     3 ||    17
         Potion            |       |     2 |       ||     2
   Stab: Sleeping          |       |       |     2 ||     2
 Armour: Robe              |    12 |    20 |    56 ||    88
  Dodge: Dodged            |    16 |    20 |    52 ||    88
